 Dungeon Crawl Stone Soup version 0.30-a0-341-g682706514a (webtiles) character file.

Game seed: 7310840400494269073

100 Bnni the Sneak (level 4, -9/27 HPs)
             Began as an Octopode Earth Elementalist on Nov 2, 2022.
             Mangled by an orc
             ... wielding a +4 flail
              (10 damage)
             ... on level 3 of the Dungeon.
             The game lasted 00:03:27 (2222 turns).

Bnni the Sneak (Octopode Earth Elementalist)        Turns: 2222, Time: 00:03:27

Health: -9/27      AC:  1    Str:  7    XL:     4   Next: 73%
Magic:  2/7        EV: 13    Int: 17    God:
Gold:   187        SH:  0    Dex: 14    Spells: 4/7 levels left

rFire   . . .      SeeInvis .    i - +0 dagger
rCold   . . .      Faith    .    (no shield)
rNeg    . . .      Spirit   .    (helmet restricted)
rPois   .          Reflect  .    (no amulet)
rElec   .          Harm     .    (no ring)
rCorr   .          Rampage  .    (no ring)
Will    .....                    (no ring)
Stlth   ++++......               (no ring)
HPRegen 0.24/turn                (no ring)
MPRegen 0.10/turn                (no ring)
                                 (no ring)
                                 (no ring)

@: very slightly contaminated
A: almost no armour, amphibious, 8 rings, camouflage 1, gelatinous body 1,
(nimble swimmer 1), tentacles
a: no special abilities


You were on level 3 of the Dungeon.
You visited 1 branch of the dungeon, and saw 3 of its levels.

You collected 187 gold pieces.

Inventory:

Hand Weapons
 i - a +0 dagger (weapon)
Missiles
 h - 6 poisoned darts
Scrolls
 b - a scroll of fear {unknown}
 c - a scroll of enchant weapon {unknown}
 f - 4 scrolls of identify {unknown}
 k - 2 scrolls of vulnerability {unknown}
 l - a scroll of magic mapping {unknown}
Potions
 a - a potion of magic
 d - a potion of curing {unknown}
 e - a potion of mutation {unknown}
 g - a potion of heal wounds {unknown}
 j - 2 potions of degeneration {unknown}


   Skills:
 + Level 0.6 Fighting
 * Level 1.0 Short Blades
 - Level 2.0 Dodging
 * Level 4.4 Stealth
 - Level 2.2 Spellcasting
 + Level 1.8 Transmutations
 + Level 3.7 Earth Magic


You had 4 spell levels left.
You knew the following spells:

 Your Spells              Type           Power      Damage    Failure   Level
a - Sandblast             Erth           28%        2d8       4%          1
b - Passwall              Tmut/Erth      9%         N/A       9%          2

Your spell library contained the following spells:

 Spells                   Type           Power      Damage    Failure   Level
 Stone Arrow              Conj/Erth      16%        3d8       26%         3
 Ignite Poison            Fire/Tmut/Pois 4%         N/A       41%         3
 Kindle Blastsparks       Fire/Tloc/Air  2%         2d10      50%         3
 Petrify                  Tmut/Erth      11%        N/A       52%         4
 Freezing Cloud           Conj/Ice/Air   0%         6-21      99%         5


Dungeon Overview and Level Annotations

Branches:
Dungeon (3/15)

Altars:
Ru


Innate Abilities, Weirdness & Mutations

You cannot wear most types of armour.
You are amphibious.
You can wear up to eight rings at the same time.
Your skin changes colour to match your surroundings (Stealth+).
Your rubbery body absorbs attacks. (AC +1, EV +1)
((You are camouflaged when in or above water. (Stealth+)))
You have tentacles for arms and can constrict up to eight enemies at once.


Message History

Aiming: Sandblast (safe; 4% risk of failure)
Press: ? - help, Q - select action, (/) - cycle Shift-Dir - straight line, f - orc
Aim: an orc, wielding a +0 whip (82% to hit)
The blast of sand hits the orc!
You kill the orc!
Unknown command.
Aiming: Sandblast (safe; 4% risk of failure)
Press: ? - help, Q - select action, (/) - cycle Shift-Dir - straight line, f - goblin
Aim: a goblin, wielding a +0 dagger (77% to hit)
You miscast Sandblast.
You are very lightly contaminated with residual magic.
Nothing appears to happen.
Aiming: Sandblast (safe; 4% risk of failure)
Press: ? - help, Q - select action, (/) - cycle Shift-Dir - straight line, f/p - goblin
Aim: a goblin, wielding a +0 dagger (77% to hit)
The blast of sand misses the goblin.
The blast of sand hits the orc priest.
The orc priest is moderately wounded.
The orc closely misses you.
Aiming: Sandblast (safe; 4% risk of failure)
Press: ? - help, Q - select action, (/) - cycle Shift-Dir - straight line, f - orc priest, p - goblin
Aim: an orc priest, wielding a +0 trident of venom (lightly wounded, 82% to hit)
The blast of sand hits the orc priest!
The orc priest is severely wounded.
The orc hits you with a +4 flail!
The orc priest mumbles some strange prayers to Beogh against you.
Beogh smites you!
Ouch! That really hurt!
* * * LOW HITPOINT WARNING * * *
Aiming: Sandblast (safe; 4% risk of failure)
Press: ? - help, Q - select action, (/) - cycle Shift-Dir - straight line, f/p - orc priest
Aim: an orc priest, wielding a +0 trident of venom (severely wounded, 82% to hit)
Okay, then.
Okay, then.
Aiming: Sandblast (safe; 4% risk of failure)
Press: ? - help, Q - select action, (/) - cycle Shift-Dir - straight line, f/p - orc priest
Aim: an orc priest, wielding a +0 trident of venom (severely wounded, 82% to hit)
The blast of sand hits the orc priest!
You kill the orc priest!
The orc completely misses you. The orc hits you with a +4 flail!
You die...

............... [......
............... .......
............... ......$
######...#..... .......
#!............. .......
#..............
.......###..............
#......)................
#...)..@....§...........
#.....o..§§.............
#####§§§≈§§§≈≈≈....#####
#.§§)§§§..§.#.##
#g§.≈.≈≈≈§≈.#.#
#...≈...≈.§.§ #
#.≈.≈._.≈.≈.#
#.§.≈...≈.≈


You could see an orc and a goblin.

Vanquished Creatures
  An orc priest (D:3)
  3 gnolls (D:3)
  An adder (D:2)
  A worm (D:2)
  A dart slug (D:2)
  3 orcs
  4 bats
  3 endoplasms
  13 giant cockroaches
  A goblin (D:2)
  10 hobgoblins
  2 ball pythons (D:2)
  3 frilled lizards
  A kobold (D:1)
  3 rats
50 creatures vanquished.

Notes
Turn   | Place    | Note
-------+----------+-------------------------------------------
     0 | D:1      | Bnni the Octopode Earth Elementalist began the quest for
                  | the Orb.
     0 | D:1      | Reached XP level 1. HP: 11/11 MP: 3/3
   100 | D:1      | Reached skill level 3 in Stealth
   298 | D:1      | Reached XP level 2. HP: 17/17 MP: 3/5
  1254 | D:2      | Reached XP level 3. HP: 21/21 MP: 1/6
  1869 | D:2      | Reached skill level 4 in Stealth
  1948 | D:3      | Learned a level 2 spell: Passwall
  2060 | D:3      | Reached XP level 4. HP: 19/27 MP: 7/7
  2138 | D:3      | Reached skill level 1 in Short Blades
  2212 | D:3      | Found a sacrificial altar of Ru.
  2221 | D:3      | HP: 1/27 [orc priest/divine providence (14)]
  2222 | D:3      | Mangled by an orc

Illustrated notes

Levels and vault maps discovered:
D:1:      wheals_arrival_linesprint, layout_basic
D:2:      layout_basic, hangedman_feature_mirror
D:3:      minmay_roachtagon, layout_basic, mainiacjoe_overflow_catwalk,
          mainiacjoe_overflow_concentric_impassable,
          mainiacjoe_overflow_cross_hatched, ebering_dispersal_statue_hall

Skill      XL: |  1  2  3  4 |
---------------+-------------+-----
Stealth        | 3 4 |  4.4
Short Blades   | 1 |  1.0
Fighting       | |  0.6
Dodging        | |  2.0
Spellcasting   | |  2.2
Transmutations | |  1.8
Earth Magic    | |  3.7

Action                   |  1- 3 |  4- 6 || total
-------------------------+-------+-------++-------
Melee: Unarmed           |    14 |       ||    14
       Constrict         |    15 |     6 ||    21
       Tentacles         |    10 |     6 ||    16
       Dagger            |    30 |    18 ||    48
 Cast: Sandblast         |    26 |    13 ||    39
 Stab: Sleeping          |    10 |       ||    10
Armor: Skin              |    10 |       ||    10
Dodge: Dodged            |    29 |    13 ||    42

Table legend: (Time is in decaauts)
 A = Elapsed time spent in this place.
 B = Non-inter-level travel time spent in this place.
 C = Inter-level travel time spent in this place.
 D = Time resting spent in this place.
 E = Time spent auto-exploring this place.
 F = Levels seen in this place.
 G = Mean time per level.
                   A        B        C        D        E       F      G
               +--------+--------+--------+--------+--------+-----+--------+
         Total |   2238 |   2096 |    142 |      0 |   1779 |   3 |  746.0 |
       Dungeon |   2238 |   2096 |    142 |      0 |   1779 |   3 |  746.0 |
               +--------+--------+--------+--------+--------+-----+--------+

Top non-repeatable levels by time:
     D:1: 1196 daAuts
     D:2: 757 daAuts
     D:3: 284 daAuts
